 Dungeon Crawl Stone Soup version 0.26-a0-812-g31a745ddcd (webtiles) character file.

Game seed: 17727214789247790313

7 Lanoc the Magician (level 1, -2/12 HPs)
             Began as a Deep Elf Warper on Nov 18, 2020.
             Slain by a worm (9 damage)
             ... on level 2 of the Dungeon.
             The game lasted 00:00:43 (1196 turns).

Lanoc the Magician (Deep Elf Warper)                Turns: 1196, Time: 00:00:44

Health: -2/12      AC:  3    Str:  8    XL:     1   Next: 91%
Magic:  6/6        EV: 12    Int: 17    God:
Gold:   103        SH:  0    Dex: 14    Spells: 6/6 levels left

rFire    . . .     SeeInvis .   a - +0 short sword
rCold    . . .     Faith    .   (no shield)
rNeg     . . .     Spirit   .   b - +0 leather armour
rPois    .         Reflect  .   (no helmet)
rElec    .         Harm     .   (no cloak)
rCorr    .         Rampage  .   (no gloves)
MR       .....                  (no boots)
Stlth    +.........             (no amulet)
HPRegen  0.04/turn              (no ring)
MPRegen  0.10/turn              (no ring)

@: no status effects
A: no striking features
a: no special abilities


You were on level 2 of the Dungeon.
You visited 1 branch of the dungeon, and saw 2 of its levels.

You collected 103 gold pieces.

Inventory:

Hand Weapons
 a - a +0 short sword (weapon)
Missiles
 e - 5 boomerangs of dispersal (quivered)
Armour
 b - a +0 leather armour (worn)
Scrolls
 d - a scroll of blinking
 f - a scroll of enchant weapon {unknown}
 i - a scroll of magic mapping {unknown}
 j - a scroll of teleportation {unknown}
 k - 2 scrolls of noise {unknown}
 l - 2 scrolls of identify {unknown}
 m - a scroll of fear {unknown}
 n - a scroll of fog {unknown}
Potions
 c - 2 potions of curing {unknown}
 g - a potion of haste {unknown}
 h - a potion of might {unknown}


   Skills:
 + Level 1.8 Fighting
 - Level 2.0 Short Blades
 - Level 1.0 Throwing
 - Level 0.7 Armour
 + Level 2.7 Dodging
 + Level 3.3 Spellcasting
   Level 3.2 Translocations


You had 6 spell levels left.
You didn't know any spells.
Your spell library contained the following spells:

 Spells                   Type           Power        Failure   Level
 Blink                    Tloc           N/A          10%         2
 Gell's Gravitas          Tloc           ##........   19%         3
 Lesser Beckoning         Tloc           ##........   19%         3
 Teleport Other           Tloc           ##......     19%         3
 Passage of Golubria      Tloc           N/A          52%         4


Dungeon Overview and Level Annotations

Branches:
Dungeon (2/15)

Altars:
Fedhas


Message History

A worm comes into view.
You barely miss the worm. You hit the worm.
The worm is moderately wounded.
The worm closely misses you.
You hit the worm.
The worm is moderately wounded.
The worm bites you.
You hit the worm.
The worm is heavily wounded.
You hit the worm but do no damage.
The worm is heavily wounded.
The worm barely misses you.
You barely miss the worm.
The worm is moderately wounded.
You hit the worm.
The worm is heavily wounded.
The worm bites you!
Ouch! That really hurt!
You die...

### .. ..# .#
#.# .# #.# ###.#
#.# #...# #.#
#?#.#
#.####.###.#w#
#..........@.#
######.###.#.#
#.##..#..#
#.##.PP!.#
#.##PPP.P#
#.##PP_PP#
#)##PPP.P#
######.##..PP.#
............##.#


You could see a worm.

Vanquished Creatures
  2 goblins (D:1)
  A kobold (D:2)
  A bat (D:1)
  4 frilled lizards
8 creatures vanquished.

Notes
Turn   | Place    | Note
-------+----------+-------------------------------------------
     0 | D:1      | Lanoc the Deep Elf Warper began the quest for the Orb.
     0 | D:1      | Reached XP level 1. HP: 12/12 MP: 6/6
  1107 | D:2      | Found a blossoming altar of Fedhas.
  1196 | D:2      | Slain by a worm

Illustrated notes

Levels and vault maps discovered:
D:1:      sevenhm_arrival_forest_fort_large_4, layout_basic
D:2:      layout_loops_ring, overflow_temple_1_default, fedhas_altar_3

Action                   || total
-------------------------++-------
Melee: Short sword       ||    44
Armor: Leather armour    ||    11
Dodge: Dodged            ||    31

Table legend: (Time is in decaauts)
 A = Elapsed time spent in this place.
 B = Non-inter-level travel time spent in this place.
 C = Inter-level travel time spent in this place.
 D = Time resting spent in this place.
 E = Time spent auto-exploring this place.
 F = Levels seen in this place.
 G = Mean time per level.
                   A        B        C        D        E       F      G
               +--------+--------+--------+--------+--------+-----+--------+
         Total |   1195 |   1145 |     50 |      0 |   1064 |   2 |  597.5 |
       Dungeon |   1195 |   1145 |     50 |      0 |   1064 |   2 |  597.5 |
               +--------+--------+--------+--------+--------+-----+--------+

Top non-repeatable levels by time:
     D:1: 1107 daAuts
     D:2: 88 daAuts
